AAA EAST
LEHIGH VALLEY IRONPIGS @ MEMPHIS REDBIRDS
04/21/2042
 
TOP OF THE 1ST
Lehigh Valley IronPigs batting - Pitching for Memphis Redbirds : RHP Leon Worley
Pitching: RHP Leon Worley
Batting: RHB José López 0-0: Called Strike
0-1: Foul Ball, location: 25F
0-2: Foul Ball, location: 2F
0-2: Foul Ball, location: 2F
0-2: Fly out, F8 (Flyball, 8LM, EV 96.9 MPH)
Batting: LHB Pepe González 0-0: Ball
1-0: Foul Ball, location: 2F
1-1: Swinging Strike
1-2: Ball
2-2: Ball
3-2: Strikes out swinging, 2-3 out at first.
Batting: LHB Don Ross 0-0: Foul Ball, location: 23F
0-1: Foul Ball, location: 3FF
0-2: Fly out, F8 (Flyball, 8LD, EV 98.1 MPH)
Top of the 1st over - 0 runs, 0 hits, 0 errors, 0 left on base; Lehigh Valley 0 - Memphis 0
BOTTOM OF THE 1ST
Memphis Redbirds batting - Pitching for Lehigh Valley IronPigs : RHP Scotty Robinson
Pitching: RHP Scotty Robinson
Batting: RHB António Valentín 0-0: Foul Ball, location: 3FF
0-1: Called Strike
0-2: Ball
1-2: SINGLE (Line Drive, 34, EV 98.8 MPH)
Batting: LHB Dave Cole 0-0: Ball
1-0: Foul Ball, location: 5DF
1-1: Ball
2-1: Swinging Strike
2-2: Strikes out swinging
Batting: LHB Raúl Soto 0-0: Foul Ball, location: 3DF
0-1: Swinging Strike
0-2: Fielders Choice at 2nd, 3-6 (Groundball, 3, EV 87.5 MPH)
Batting: RHB Robbie Mayes 0-0: Foul Ball, location: 9LMF
0-1: Ball
1-1: Ball
2-1: Called Strike
2-2: Strikes out looking
Bottom of the 1st over - 0 runs, 1 hit, 0 errors, 1 left on base; Lehigh Valley 0 - Memphis 0
TOP OF THE 2ND
Lehigh Valley IronPigs batting - Pitching for Memphis Redbirds : RHP Leon Worley
Batting: LHB José Velasco 0-0: Ball
1-0: Ball
2-0: Ground out 4-3 (Groundball, 4M, EV 78.8 MPH)
Batting: LHB Tim Thomas 0-0: Called Strike
0-1: Swinging Strike
0-2: Ball
1-2: Ball
2-2: Ball
3-2: Foul Ball, location: 2F
3-2: Strikes out swinging
Batting: LHB Noel Sullivan 0-0: Ball
1-0: Ball
2-0: Ball
3-0: Called Strike
3-1: Foul Ball, location: 2RF
3-2: Ground out 4-3 (Groundball, 4, EV 101.3 MPH)
Top of the 2nd over - 0 runs, 0 hits, 0 errors, 0 left on base; Lehigh Valley 0 - Memphis 0
BOTTOM OF THE 2ND
Memphis Redbirds batting - Pitching for Lehigh Valley IronPigs : RHP Scotty Robinson
Batting: LHB Juan García 0-0: Foul Ball, location: 3DF
0-1: Foul Ball, location: 2F
0-2: Ball
1-2: Foul Ball, location: 2F
1-2: Foul Ball, location: 7LSF
1-2: Ball
2-2: Ball
3-2: Ground out U3 (Groundball, 3, EV 87.5 MPH)
Batting: RHB Donnie Fields 0-0: Foul Ball, location: 2F
0-1: Ball
1-1: Called Strike
1-2: Foul Ball, location: 23F
1-2: Ball
2-2: Ball
3-2: Fly out, F9 (Line Drive, 89D, EV 90.0 MPH)
Batting: LHB Jared Gyll 0-0: Ball
1-0: Foul Ball, location: 7LMF
1-1: Called Strike
1-2: Strikes out swinging, 2-3 out at first.
Bottom of the 2nd over - 0 runs, 0 hits, 0 errors, 0 left on base; Lehigh Valley 0 - Memphis 0
TOP OF THE 3RD
Lehigh Valley IronPigs batting - Pitching for Memphis Redbirds : RHP Leon Worley
Batting: RHB Bo McCall 0-0: Ball
1-0: Ball
2-0: Called Strike
2-1: Swinging Strike
2-2: Foul Ball, location: 2F
2-2: Ball
3-2: Foul Ball, location: 9LDF
3-2: Strikes out looking
Batting: SHB Phil Wagner 0-0: Ball
1-0: Ball
2-0: Ball
3-0: Called Strike
3-1: Foul Ball, location: 7LSF
3-2: Fly out, F9 (Flyball, 89M, EV 92.5 MPH)
Batting: RHB Rusty Miller 0-0: Foul Ball, location: 23F
0-1: Ground out 4-3 (Groundball, 4, EV 86.3 MPH)
Top of the 3rd over - 0 runs, 0 hits, 0 errors, 0 left on base; Lehigh Valley 0 - Memphis 0
BOTTOM OF THE 3RD
Memphis Redbirds batting - Pitching for Lehigh Valley IronPigs : RHP Scotty Robinson
Batting: RHB Tony Vance 0-0: Ball
1-0: Foul Ball, location: 2F
1-1: Swinging Strike
1-2: Strikes out swinging
Batting: RHB Raúl Mora 0-0: Ball
1-0: Called Strike
1-1: Foul Ball, location: 7LMF
1-2: Strikes out swinging
Batting: RHB António Valentín 0-0: Foul Ball, location: 5DF
0-1: Ground out U3 (Groundball, 3, EV 110.0 MPH)
Bottom of the 3rd over - 0 runs, 0 hits, 0 errors, 0 left on base; Lehigh Valley 0 - Memphis 0
TOP OF THE 4TH
Lehigh Valley IronPigs batting - Pitching for Memphis Redbirds : RHP Leon Worley
Batting: RHB José López 0-0: Fly out, F3 (Popup, 3, EV 65.6 MPH)
Batting: LHB Pepe González 0-0: Ball
1-0: Swinging Strike
1-1: Ground out U3 (Groundball, 3, EV 86.3 MPH)
Batting: LHB Don Ross 0-0: Ball
1-0: Ground out 4-3 (Groundball, 34D, EV 83.1 MPH)
Top of the 4th over - 0 runs, 0 hits, 0 errors, 0 left on base; Lehigh Valley 0 - Memphis 0
BOTTOM OF THE 4TH
Memphis Redbirds batting - Pitching for Lehigh Valley IronPigs : RHP Scotty Robinson
Batting: LHB Dave Cole 0-0: Ball
1-0: Ball
2-0: Ball
3-0: Called Strike
3-1: Ground out U3 (Groundball, 3, EV 85.0 MPH)
Batting: LHB Raúl Soto 0-0: Fly out, F4 (Flyball, 34D, EV 92.5 MPH)
Batting: RHB Robbie Mayes 0-0: Foul Ball, location: 9LDF
0-1: Foul Ball, location: 9LDF
0-2: Strikes out swinging
Bottom of the 4th over - 0 runs, 0 hits, 0 errors, 0 left on base; Lehigh Valley 0 - Memphis 0
TOP OF THE 5TH
Lehigh Valley IronPigs batting - Pitching for Memphis Redbirds : RHP Leon Worley
Batting: LHB José Velasco 0-0: Called Strike
0-1: Fly out, F9 (Flyball, 9D, EV 93.8 MPH)
Batting: LHB Tim Thomas 0-0: Ball
1-0: Ball
2-0: Ground out U3 (Groundball, 34, EV 104.4 MPH)
Batting: LHB Noel Sullivan 0-0: Foul Ball, location: 7LSF
0-1: Ball
1-1: Foul Ball, location: 2F
1-2: Ball
2-2: Foul Ball, location: 7LDF
2-2: Strikes out looking
Top of the 5th over - 0 runs, 0 hits, 0 errors, 0 left on base; Lehigh Valley 0 - Memphis 0
BOTTOM OF THE 5TH
Memphis Redbirds batting - Pitching for Lehigh Valley IronPigs : RHP Scotty Robinson
Batting: LHB Juan García 0-0: Called Strike
0-1: Ball
1-1: Ball
2-1: Ground out 4-3 (Groundball, 4, EV 89.4 MPH)
Batting: RHB Donnie Fields 0-0: Called Strike
0-1: Swinging Strike
0-2: Ball
1-2: Strikes out swinging
Batting: LHB Jared Gyll 0-0: Fly out, F8 (Flyball, 8RD, EV 101.3 MPH)
Bottom of the 5th over - 0 runs, 0 hits, 0 errors, 0 left on base; Lehigh Valley 0 - Memphis 0
TOP OF THE 6TH
Lehigh Valley IronPigs batting - Pitching for Memphis Redbirds : RHP Leon Worley
Batting: RHB Bo McCall 0-0: Ball
1-0: Called Strike
1-1: Ball
2-1: Foul Ball, location: 9LSF
2-2: Foul Ball, location: 9LMFF
2-2: Ball
3-2: Foul Ball, location: 2F
3-2: Base on Balls
Batting: SHB Phil Wagner 0-0: Ball
1-0: Ball
2-0: Sac Bunt to 23 - play at first, batter OUT! 3-4
Bo McCall to second
Batting: RHB Rusty Miller 0-0: Called Strike
0-1: Called Strike
0-2: Strikes out swinging
Batting: RHB José López 0-0: Foul Ball, location: 5F
0-1: Foul Ball, location: 2F
0-2: Ball
1-2: Fly out, F5 (Line Drive, 56, EV 70.6 MPH)
Top of the 6th over - 0 runs, 0 hits, 0 errors, 1 left on base; Lehigh Valley 0 - Memphis 0
BOTTOM OF THE 6TH
Memphis Redbirds batting - Pitching for Lehigh Valley IronPigs : RHP Scotty Robinson
Batting: RHB Tony Vance 0-0: Ball
1-0: Ball
2-0: Ball
3-0: Base on Balls
Batting: RHB Raúl Mora 0-0: Sac Bunt to 13S - play at first, batter OUT! 1-3
Tony Vance to second
Batting: RHB António Valentín 0-0: Swinging Strike
0-1: Called Strike
0-2: Strikes out swinging
Batting: LHB Dave Cole 0-0: Ball
1-0: Called Strike
1-1: Foul Ball, location: 7LMF
1-2: Ball
2-2: Strikes out swinging
Bottom of the 6th over - 0 runs, 0 hits, 0 errors, 1 left on base; Lehigh Valley 0 - Memphis 0
TOP OF THE 7TH
Lehigh Valley IronPigs batting - Pitching for Memphis Redbirds : RHP Leon Worley
Batting: LHB Pepe González 0-0: Foul Ball, location: 7LMF
0-1: Ball
1-1: Foul Ball, location: 2F
1-2: Ball
2-2: Ball
3-2: Foul Ball, location: 3F
3-2: SINGLE (Groundball, 4MD, EV 100.0 MPH)
Batting: LHB Don Ross 0-0: Ball
1-0: Ball
2-0: Foul Ball, location: 2F
2-1: Swinging Strike
2-2: Ball
3-2: SINGLE (Groundball, 4S, EV 72.5 MPH) (infield hit)
Pepe González to second
Batting: LHB José Velasco 0-0: Swinging Strike
0-1: Ball
1-1: Ball
2-1: Ball
3-1: Foul Ball, location: 2F
3-2: SINGLE (Groundball, 6MD, EV 106.9 MPH)
Pepe González to third
Don Ross to second
Batting: LHB Tim Thomas 0-0: Grounds into double play, 4-2-3 (Groundball, 4, EV 85.0 MPH)
Don Ross to third
José Velasco to second
Batting: LHB Noel Sullivan 0-0: Called Strike
0-1: Swinging Strike
0-2: Strikes out swinging
Top of the 7th over - 0 runs, 3 hits, 0 errors, 2 left on base; Lehigh Valley 0 - Memphis 0
BOTTOM OF THE 7TH
Memphis Redbirds batting - Pitching for Lehigh Valley IronPigs : RHP Scotty Robinson
Batting: LHB Raúl Soto 0-0: Called Strike
0-1: Ball
1-1: Ball
2-1: Fly out, F7 (Flyball, 7D, EV 81.3 MPH)
Batting: RHB Robbie Mayes 0-0: Ball
1-0: Called Strike
1-1: Ball
2-1: Ball
3-1: Ground out 5-3 (Groundball, 5, EV 81.9 MPH)
Batting: LHB Juan García 0-0: Called Strike
0-1: Foul Ball, location: 25F
0-2: Ground out 4-3 (Groundball, 4M, EV 106.9 MPH)
Bottom of the 7th over - 0 runs, 0 hits, 0 errors, 0 left on base; Lehigh Valley 0 - Memphis 0
TOP OF THE 8TH
Lehigh Valley IronPigs batting - Pitching for Memphis Redbirds : RHP Leon Worley
Batting: RHB Bo McCall 0-0: Swinging Strike
0-1: Swinging Strike
0-2: Ball
1-2: Ball
2-2: Ball
3-2: Foul Ball, location: 2F
3-2: Ground out 4-3 (Groundball, 4S, EV 69.4 MPH)
Batting: SHB Phil Wagner 0-0: Called Strike
0-1: Ground out 5-3 (Groundball, 5L, EV 85.6 MPH)
Batting: RHB Rusty Miller 0-0: Ground out 6-3 (Groundball, 6, EV 87.5 MPH)
Top of the 8th over - 0 runs, 0 hits, 0 errors, 0 left on base; Lehigh Valley 0 - Memphis 0
BOTTOM OF THE 8TH
Memphis Redbirds batting - Pitching for Lehigh Valley IronPigs : RHP Scotty Robinson
Batting: RHB Donnie Fields 0-0: Ball
1-0: Ground out 6-3 (Groundball, 6, EV 104.4 MPH)
Batting: LHB Jared Gyll 0-0: Called Strike
0-1: Foul Ball, location: 3FF
0-2: Ball
1-2: Foul Ball, location: 25F
1-2: Strikes out swinging
Batting: RHB Tony Vance 0-0: Ball
1-0: Ball
2-0: Ball
3-0: Called Strike
3-1: Base on Balls
Batting: RHB Raúl Mora 0-0: Ground out 1-3 (Groundball, 13S, EV 70.0 MPH)
Bottom of the 8th over - 0 runs, 0 hits, 0 errors, 1 left on base; Lehigh Valley 0 - Memphis 0
TOP OF THE 9TH
Lehigh Valley IronPigs batting - Pitching for Memphis Redbirds : RHP Leon Worley
Batting: RHB José López 0-0: Called Strike
0-1: Ball
1-1: Swinging Strike
1-2: Ball
2-2: Ball
3-2: Ground out 4-3 (Groundball, 4, EV 88.1 MPH)
Batting: LHB Pepe González 0-0: Ball
1-0: Ball
2-0: Ball
3-0: Base on Balls
Pitching: RHP Steve MacKinney
Batting: LHB Don Ross 0-0: Called Strike
0-1: Foul Ball, location: 7LMF
0-2: Ball
1-2: Strikes out swinging
Batting: LHB José Velasco 0-0: Ball
1-0: Foul Ball, location: 25FF
1-1: Ball
2-1: Swinging Strike
2-2: 2-RUN HOME RUN (Flyball, 9LD, EV 93.8 MPH), Distance : 332 ft
Batting: LHB Tim Thomas 0-0: Called Strike
0-1: Foul Ball, location: 3F
0-2: Ball
1-2: Ball
2-2: Strikes out looking
Top of the 9th over - 2 runs, 1 hit, 0 errors, 0 left on base; Lehigh Valley 2 - Memphis 0
BOTTOM OF THE 9TH
Memphis Redbirds batting - Pitching for Lehigh Valley IronPigs : RHP Scotty Robinson
Pitching: LHP Pat Shryock
Now in LF: José Valdéz
Batting: RHB António Valentín 0-0: Ball
1-0: Foul Ball, location: 3SF
1-1: Ball
2-1: Ball
3-1: Ground out 5-3 (Groundball, 56, EV 76.9 MPH)
Pinch Hitting: SHB Pepe Robles 0-0: Fly out, F9 (Flyball, 89S, EV 91.9 MPH)
Pinch Hitting: RHB Augusto Padilla 0-0: Ball
1-0: Ball
2-0: Ground out U3 (Groundball, 23, EV 87.5 MPH)
Bottom of the 9th over - 0 runs, 0 hits, 0 errors, 0 left on base; Lehigh Valley 2 - Memphis 0
Friday, May 3rd , 2024 - OOTP Baseball 24.10 Build 82